[Event "African Individual Chess-ch Open 2024"]
[Site "Accra"]
[Date "2024.03.19"]
[Round "8.8"]
[White "De Gondo, Simplice Armel"]
[Black "Wanyama, Harold"]
[Result "0-1"]
[ECO "E03"]
[WhiteElo "2024"]
[BlackElo "2226"]
[Annotator "TA"]
[PlyCount "112"]
[EventDate "2024.03.13"]
[EventCountry "GHA"]
[SourceTitle "playchess.com"]
[Source "ChessBase"]
[SourceQuality "1"]
[TimeControl "5400+30"]

1. d4 d5 2. c4 e6 3. Nf3 Nf6 4. g3 dxc4 5. Qa4+ Nbd7 6. Bg2 a6 7. Qxc4 b5 8. Qc2 Bb7 9. O-O c5 10. Bg5 Rc8 11. Qd1 h6 12. Bxf6 Nxf6 {[%emt 0:00:34] Schwarz hat minimalen Vorteil.} 13. Nc3 (13. dxc5 $11 Bxc5 14. Qxd8+ Kxd8 15. a4) 13... Qb6 14. a4 {[%emt 0:00:00] [#]} (14. e3 $11) 14... b4 {[%emt 0:04:27] Schwarz steht aktiver.} ({Günstiger ist} 14... cxd4 $1 $17 15. Qxd4 Bc5) 15. a5 $11 Qd8 16. Na4 Nd7 {[%emt 0:00:49] Es drohte Nb6} 17. Ne5 (17. Qd2 $14 {ist überlegen.}) 17... Bxg2 18. Kxg2 {[%emt 0:00:00][%cal Oa4b6] Nb6! ist eine echte Drohung.} Nxe5 (18... Qxa5 $2 19. Nxc5 (19. Nxd7 Qc7 $18) 19... Qb5 20. Nexd7 $18) 19. dxe5 Qxa5 20. b3 (20. Nc3 $11 Qb6 21. Qa4+ Rc6 (21... Qc6+ 22. Ne4 $17) 22. Ne4) 20... Qc7 $1 $15 21. Qd3 c4 (21... Qxe5 $6 22. Qxa6 Qe4+ 23. f3 $14) 22. bxc4 Be7 (22... Qxc4 $6 23. Qxc4 Rxc4 24. Nb6 $14) (22... Qxe5 23. Nb6 Rd8 24. Qf3 $11) 23. Rfd1 (23. c5 $15) 23... O-O (23... Qxe5 24. Qd7+ Kf8 25. Qxc8+) (23... a5 $17 24. Kf1 Qb7 (24... Qxe5 25. Qd7+ Kf8 26. Qxc8+)) 24. Qd7 Rfe8 (24... a5 $17) 25. Qxc7 $11 Rxc7 26. Nb2 Ra8 27. Rdc1 a5 28. Ra4 f6 29. Kf3 Kf7 30. Rca1 Rca7 31. Nd3 Ke8 32. c5 b3 33. Ke4 fxe5 34. h4 (34. Rb1 $1 $11 {bleibt in der Remisbreite.} Rb8 35. Nxe5) 34... Rb7 $17 {[%emt 0:03:46] Schwarz bringt die Sache ungefährdet zu Ende.} 35. e3 (35. Rxa5 $2 Rxa5 36. Rxa5 b2 37. Nxb2 Rxb2 $19) (35. Rb1 $17 {war angesagt.}) 35... Rb5 $19 36. Rb1 Bf6 (36... Bxc5 37. Nxc5 Rxc5 38. Rxb3 $11) 37. f3 Kd8 38. g4 (38. Nf2 $142) 38... Kc7 39. g5 (39. Nxe5 {kämpft weiter.} Bxe5 (39... Rxc5 $2 40. Nc4 $19) 40. Kxe5) 39... hxg5 40. hxg5 Bxg5 41. Nxe5 $2 (41. Ra3 {ist wohl besser.} a4 42. Rg1) 41... Bf6 ({Lieber nicht} 41... Rxc5 42. Rxb3 Bf6 43. Nd3 $11) 42. Nd3 Kc6 43. f4 Rbb8 44. Ne5+ Kb5 ({Schlechter ist} 44... Kxc5 45. Nd7+ Kd6 (45... Kb5 $2 46. Rxb3+ Kc6 47. Nxb8+ $18) 46. Nxb8 Rxb8 47. Rxa5 $11) 45. Ra3 a4 46. Nd7 Kb4 47. Nxb8 Kxa3 {[%emt 0:00:00][%mdl 4096] Endspiel. KRB-KRN} 48. Nd7 Ka2 49. Rd1 a3 50. c6 Rc8 {[%emt 0:00:00] [#] Und ...b2 würde nun gewinnen.} 51. f5 Rxc6 {[%emt 0:00:00] Und jetzt ...b2 wäre schön.} 52. fxe6 Rxe6+ 53. Kd5 Rxe3 {[%emt 0:00:00] Schwarz setzt Matt.} 54. Nb6 b2 55. Nc4 Rc3 56. Rd2 Ka1 {[%emt 0:16:38] Gewichteter Fehlerwert: Weiß=0.88/Schwarz=0.20 (präzise) .  Fehler:       	Weiß=10    	Schwarz=3     Ungenau:       	Weiß=2     	Schwarz=5     OK:         	Weiß=10    	Schwarz=16    Bester:       	Weiß=3     	Schwarz=3     Stark:        	---       	Schwarz=1} 0-1

[Event "African Individual Chess-ch Open 2024"]
[Site "Accra"]
[Date "2024.03.19"]
[Round "8.9"]
[White "Rongwane, Gomolemo"]
[Black "Mhango, Banele"]
[Result "0-1"]
[ECO "C89"]
[WhiteElo "2021"]
[BlackElo "2193"]
[Annotator "RC"]
[PlyCount "36"]
[EventDate "2024.03.13"]
[EventCountry "GHA"]
[SourceTitle "playchess.com"]
[Source "ChessBase"]
[SourceQuality "1"]
[TimeControl "5400+30"]

1. e4 e5 2. Nf3 Nc6 3. Bb5 a6 4. Ba4 Nf6 5. O-O b5 6. Bb3 Be7 7. Re1 O-O 8. c3 d5 9. exd5 Nxd5 10. Nxe5 Nxe5 11. Rxe5 c6 12. d4 Bd6 13. Re1 Qh4 14. g3 Qh3 15. Nd2 Bg4 16. f3 Bxg3 17. hxg3 Qxg3+ 18. Kf1 Nf4 0-1

[Event "African Individual Chess-ch Open 2024"]
[Site "Accra"]
[Date "2024.03.19"]
[Round "8.10"]
[White "Ntamatungiro, Wilfried"]
[Black "Agnelo, Amorim"]
[Result "1-0"]
[ECO "B07"]
[WhiteElo "1905"]
[BlackElo "2219"]
[Annotator "RC"]
[PlyCount "81"]
[EventDate "2024.03.13"]
[EventCountry "GHA"]
[SourceTitle "playchess.com"]
[Source "ChessBase"]
[SourceQuality "1"]
[TimeControl "5400+30"]

1. e4 d6 2. d4 Nf6 3. Bd3 g6 4. f4 Bg7 5. f5 c5 6. c3 cxd4 7. cxd4 gxf5 8. exf5 Bxf5 9. Nf3 Bg6 10. Nc3 Nbd7 11. O-O O-O 12. Bg5 Qb6 13. Na4 Qa5 14. Bd2 Qd8 15. Bxg6 hxg6 16. Qe2 a6 17. Kh1 b5 18. Nc3 Qb6 19. a3 Rae8 20. Be3 Qb7 21. Qd2 Nb6 22. b3 Nbd5 23. Nxd5 Qxd5 24. Bh6 Ng4 25. Bxg7 Kxg7 26. h3 Nf6 27. b4 Rc8 28. Rae1 Nh5 29. Kh2 Rc7 30. Ng5 e5 31. Qf2 Re7 32. dxe5 dxe5 33. Ne4 f5 34. Nc5 e4 35. Qb2+ Nf6 36. Rd1 Qc6 37. Rf4 e3 38. Rfd4 Qc7+ 39. g3 e2 40. Re1 Re3 41. Rd7+ 1-0

[Event "African Individual Chess-ch Open 2024"]
[Site "Accra"]
[Date "2024.03.19"]
[Round "8.11"]
[White "Frempong-Smart Daniel"]
[Black "Oluka Robert Mcligeyo"]
[Result "0-1"]
[ECO "D23"]
[WhiteElo "1877"]
[BlackElo "2041"]
[Annotator "NA RC"]
[PlyCount "55"]
[EventDate "2024.03.13"]
[EventCountry "GHA"]
[SourceTitle "playchess.com"]
[Source "ChessBase"]
[SourceQuality "1"]
[TimeControl "5400+30"]

1. d4 Nf6 2. Nf3 d5 3. g3 c5 4. c4 dxc4 5. Qa4+ Nbd7 6. dxc5 e5 7. Nxe5 Bxc5 8. Bh3 O-O 9. Nxd7 Nxd7 10. Bg2 Nb6 11. Qc2 Qf6 12. O-O Bf5 13. e4 Bg6 14. Bd2 Rfe8 15. Bc3 Qe7 16. Nd2 Rac8 17. Qd1 Red8 18. Kh1 Bb4 19. f4 Bxc3 20. bxc3 Bh5 21. Qxh5 Rxd2 22. Qa5 Ra8 23. Rad1 Rd3 24. e5 Qd7 25. Rb1 Nd5 26. Be4 Rd2 27. Bg2 Rd3 28. Qb5 0-1

[Event "African Individual Chess-ch Open 2024"]
[Site "Accra"]
[Date "2024.03.19"]
[Round "8.12"]
[White "Pereira, Sergio Murilo de Ara"]
[Black "Amoako Philip Selikem Yao"]
[Result "1-0"]
[ECO "B23"]
[WhiteElo "2115"]
[BlackElo "1848"]
[Annotator "RC"]
[PlyCount "81"]
[EventDate "2024.03.13"]
[EventCountry "GHA"]
[SourceTitle "playchess.com"]
[Source "ChessBase"]
[SourceQuality "1"]
[TimeControl "5400+30"]

1. e4 c5 2. Nc3 Nc6 3. Bb5 Nd4 4. Bc4 g6 5. Nf3 Bg7 6. Nxd4 cxd4 7. Qf3 e6 8. Nb5 Be5 9. Qa3 Qe7 10. Qd3 Qf6 11. c3 dxc3 12. dxc3 a6 13. Nd4 Ne7 14. Ne2 Nc6 15. f4 Bc7 16. Be3 d6 17. O-O Qe7 18. a4 Bd7 19. b4 O-O 20. b5 axb5 21. axb5 Na5 22. Ba2 Qd8 23. Kh1 Bb6 24. Bd2 Bc5 25. Ng3 d5 26. f5 Qb6 27. Rab1 dxe4 28. Nxe4 exf5 29. Nxc5 Qxc5 30. Bh6 Rfe8 31. Qxd7 Nc4 32. Bxc4 Qxc4 33. Qd4 Qxd4 34. cxd4 Rad8 35. Rfe1 Re6 36. Rbc1 Rb6 37. Rc5 Rbd6 38. d5 b6 39. Rc7 Rxd5 40. h3 R5d7 41. Rxd7 1-0

[Event "African Individual Chess-ch Open 2024"]
[Site "Accra"]
[Date "2024.03.19"]
[Round "8.13"]
[White "Adewole, Adeyinka Samuel"]
[Black "Egbe, Kossi Thierry"]
[Result "1-0"]
[ECO "A03"]
[WhiteElo "1935"]
[BlackElo "1871"]
[Annotator "NA RC"]
[PlyCount "26"]
[EventDate "2024.03.13"]
[EventCountry "GHA"]
[SourceTitle "playchess.com"]
[Source "ChessBase"]
[SourceQuality "1"]
[TimeControl "5400+30"]

1. f4 d5 2. Nf3 c5 3. e3 Bg4 4. Bb5+ Nd7 5. h3 Bxf3 6. Qxf3 Ngf6 7. c4 e6 8. O-O a6 9. Ba4 Qc7 10. d3 O-O-O 11. cxd5 Nb6 12. Bc2 Nbxd5 13. a3 Be7 1-0

[Event "African Individual Chess-ch Open 2024"]
[Site "Accra"]
[Date "2024.03.20"]
[Round "9.1"]
[White "Kayonde, Andrew"]
[Black "Amin, Bassem"]
[Result "0-1"]
[ECO "E74"]
[WhiteElo "2321"]
[BlackElo "2670"]
[Annotator "TA"]
[PlyCount "64"]
[EventDate "2024.03.13"]
[EventCountry "GHA"]
[SourceTitle "playchess.com"]
[Source "ChessBase"]
[SourceQuality "1"]
[TimeControl "5400+30"]

1. d4 Nf6 2. c4 g6 3. Nc3 Bg7 4. e4 d6 5. Be2 O-O 6. Bg5 c5 7. dxc5 Qa5 8. Bd2 Qxc5 9. Nf3 Bg4 10. Be3 Qa5 11. Nd2 Bxe2 12. Qxe2 {[%emt 0:00:00] Black has an edge.} Nfd7 13. Rc1 Bxc3 14. Rxc3 Qxa2 15. Nb3 Nc5 16. Bxc5 dxc5 17. O-O Nc6 18. Nxc5 Nd4 19. Qe3 Rfd8 20. Nb3 {[%emt 0:00:00] [#]} (20. Nd3 $1 $11) 20... e5 $1 $36 {[%emt 0:50:15][%mdl 2048] White is under strong pressure. Black is more active.} 21. f4 {[%emt 0:00:00] [#] White does not recover from this.} (21. Rd3 $17 {is a better defense.}) 21... exf4 $1 $19 ({Don't take} 21... Qxb2 22. Rf2 Qb1+ 23. Rf1) 22. Rxf4 Ne6 23. Rf1 Qxb2 24. h4 a5 25. Rf2 Rd1+ 26. Kh2 Qb1 27. Nd2 $2 (27. Rc1 Rxc1 28. Nxc1) 27... Rh1+ 28. Kg3 Qb4 {[%emt 0:00:00] Threatens to win with ...a4. Black is clearly winning.} 29. c5 a4 {[%emt 0:00:00] Hoping for ...a3.} 30. Rc4 (30. Nf3 $142 f5 31. Nd2 (31. exf5 $2 Ng7 $19)) 30... Qa5 31. e5 Qc7 {[%emt 0:00:00] Strongly threatening ...a3.} 32. Rc3 {[%emt 0:02:24] [#]} a3 $1 {[%emt 0:00:00][%mdl 512] Weighted Error Value: White=0.90/Black=0.01 (flawless) .  Mistake:       	White=4     	---        Inaccurate:     	White=1     	---        OK:         	White=9     	Black=15     Best:        	White=1     	Black=1      Strong:       	---       	Black=2} 0-1

[Event "African Individual Chess-ch Open 2024"]
[Site "Accra"]
[Date "2024.03.20"]
[Round "9.2"]
[White "Bellahcene, Bilel"]
[Black "Ortega Amarelle, Mariano"]
[Result "1-0"]
[ECO "B12"]
[WhiteElo "2522"]
[BlackElo "2482"]
[Annotator "RC"]
[PlyCount "49"]
[EventDate "2024.03.13"]
[EventCountry "GHA"]
[SourceTitle "playchess.com"]
[Source "ChessBase"]
[SourceQuality "1"]
[TimeControl "5400+30"]

1. e4 c6 2. d4 d5 3. e5 Bf5 4. g4 Be4 5. f3 Bg6 6. f4 e6 7. h4 Be4 8. Nf3 h5 9. Nbd2 Bxf3 10. Qxf3 hxg4 11. Qxg4 Nh6 12. Qg1 c5 13. dxc5 Qa5 14. b4 Qxb4 15. Rb1 Qxc5 16. Rxb7 a6 17. c4 Nd7 18. Qxc5 Nxc5 19. Rb6 Na4 20. Rc6 dxc4 21. Bg2 Ra7 22. Rh3 Kd7 23. Rxc4 Nc5 24. Ba3 Rc7 25. Rhc3 1-0

[Event "African Individual Chess-ch Open 2024"]
[Site "Accra"]
[Date "2024.03.20"]
[Round "9.3"]
[White "Rakotomaharo, Fy Antenaina"]
[Black "Mwali, Chitumbo"]
[Result "0-1"]
[ECO "A30"]
[WhiteElo "2454"]
[BlackElo "2340"]
[Annotator "TA"]
[PlyCount "174"]
[EventDate "2024.03.13"]
[EventCountry "GHA"]
[SourceTitle "playchess.com"]
[Source "ChessBase"]
[SourceQuality "1"]
[TimeControl "5400+30"]

1. Nf3 Nf6 2. c4 c5 3. Nc3 e6 4. g3 b6 5. Bg2 Bb7 6. O-O a6 7. Re1 Be7 8. e4 d6 9. d4 cxd4 10. Nxd4 Qc7 11. Be3 O-O 12. Rc1 Nbd7 13. h3 {[%emt 0:00:31] A30: Englische Eröffnung (Symmetrische Variante).} Rac8 14. f4 Qb8 15. Qe2 Rfe8 16. Nc2 $146 ({Predecessor:} 16. Nb3 Bf8 17. g4 Qa8 18. Nd2 g6 19. Bf3 e5 20. f5 b5 21. fxg6 hxg6 22. g5 {1-0 Benidze,D (2514)-Yeke,S (2261) Kesan op 11th 2013 (3)}) 16... Bf8 17. Bf2 g6 18. g4 h6 19. Rcd1 Qc7 20. Ne3 Nc5 21. Nf1 Ncd7 22. Nd2 Bg7 23. Bf3 Nh7 24. h4 g5 25. e5 Bxf3 26. Nxf3 gxf4 27. Ne4 Nxe5 28. Nxd6 Nxg4 29. b4 e5 (29... Bc3 $19 30. c5 Nxf2 31. Qxf2 Bxe1 32. Rxe1 bxc5) 30. Qe4 (30. c5 $17 {war nötig.} bxc5 31. Bxc5) 30... Nhf6 31. Qf5 e4 32. Nxe4 Nxe4 (32... Qxc4 33. Nd6 Qc2 (33... Qxa2 $2 34. Rd2 $18) 34. Qxc2 Rxc2 35. Nxe8) 33. Rxe4 Rxe4 34. Qxe4 Nxf2 (34... Qxc4 35. Rd8+ Bf8 36. Qxc4 Rxc4 37. Bxb6) 35. Kxf2 Qxc4 36. Rd8+ Bf8 $1 37. Qxc4 Rxc4 38. Ne5 Rc2+ $1 (38... Rxb4 39. Nd7 $15) 39. Kf3 Kg7 $1 (39... Rxa2 40. Nd7 $11) 40. Rd7 Kf6 ({Keinesfalls} 40... Rxa2 41. Rxf7+ Kg8 42. Rb7 $11) 41. Ng4+ $2 (41. Rxf7+ Kxe5 42. Rxf8) 41... Ke6 $19 42. Rb7 Rc3+ (42... Bxb4 43. Rxb6+ Bd6 44. Rxa6 $17) 43. Kxf4 f5 (43... Bxb4 $2 44. Nxh6 (44. Rxb6+ $2 {ist das falsche Schlagen.} Bd6+ 45. Rxd6+ Kxd6 $19) 44... Rc4+ 45. Kg3 $19) 44. Rxb6+ Bd6+ 45. Rxd6+ Kxd6 46. Nxh6 Rc4+ 47. Kxf5 Rxh4 48. Ng4 Kd5 49. a4 Rh3 50. Nf6+ {[%emt 0:00:49] [#]} Kc4 $1 51. b5 a5 ({Weniger gut wäre} 51... axb5 52. axb5 Rb3 53. Ke4 $15) 52. Nd7 Ra3 53. Nb6+ Kc5 54. Nd7+ Kd6 55. Nb6 {[%emt 0:00:00] [#]} Kc7 $1 56. Nd5+ Kb7 57. Ke4 Rxa4+ 58. Kd3 Rh4 59. Kc3 a4 60. Kb2 Rd4 61. Ne3 Rb4+ 62. Ka2 Rxb5 63. Nc4 Rb4 64. Nb2 Ka6 65. Nd3 Rh4 66. Kb2 Kb5 67. Ka2 Rh2+ 68. Kb1 Kc4 69. Nc1 Kc3 70. Na2+ Kb3 71. Nc1+ Ka3 72. Nd3 Rh8 73. Nc1 Rh2 74. Nd3 Kb3 75. Nc1+ Kc4 76. Na2 a3 77. Nc1 Rb2+ 78. Ka1 Kc3 79. Na2+ Kc2 80. Nc3 Rb8 81. Ne2 Re8 82. Nd4+ Kc3 83. Nb5+ Kb4 84. Nd4 Re4 85. Nc6+ Kb5 86. Nd8 Re7 87. Ka2 Kb6 0-1

[Event "African Individual Chess-ch Open 2024"]
[Site "Accra"]
[Date "2024.03.20"]
[Round "9.4"]
[White "Silva, David"]
[Black "Abdulraheem Abdulrahman Akinto"]
[Result "1/2-1/2"]
[ECO "B22"]
[WhiteElo "2358"]
[BlackElo "2229"]
[Annotator "TA"]
[PlyCount "77"]
[EventDate "2024.03.13"]
[EventCountry "GHA"]
[SourceTitle "playchess.com"]
[Source "ChessBase"]
[SourceQuality "1"]
[TimeControl "5400+30"]

1. e4 c5 2. c3 e6 3. Nf3 d5 4. exd5 Qxd5 5. d4 Nf6 6. Be2 Be7 7. O-O O-O 8. Be3 cxd4 9. cxd4 Nc6 10. Nc3 Qa5 11. a3 a6 12. Bd3 Rd8 13. b4 {[%emt 0:00:00] Weiß hat minimalen Vorteil.} Qc7 14. Rc1 Qb8 15. Na4 Nd5 {[%emt 0:02:50] Gegen Nb6 gerichtet.} 16. Be4 Bf6 17. Qd2 (17. Bxd5 $14 exd5 18. Nb6) 17... Nce7 $11 18. Rfe1 b6 19. Bg5 Bb7 20. Bb1 Bxg5 21. Qxg5 h6 22. Qh4 Qf4 ({Besser ist} 22... Bc6 $17 23. Nc3 Qf4) 23. Qxf4 Nxf4 24. Nxb6 Bxf3 25. gxf3 Rab8 26. Na4 ({Aber nicht} 26. Re4 $2 Nh3+ 27. Kg2 Ng5 $19) 26... Rxd4 27. Nc5 Rb6 28. Nb3 Rd5 29. Rc7 Rg5+ (29... Neg6 $15) 30. Kf1 {[%emt 0:00:00] Die Stellung ist ausgeglichen.} Nf5 31. Nc5 Rb8 32. Nxa6 Rd8 33. Rec1 {[%emt 0:02:36] Droht stark Rc8.} Rd2 34. Bxf5 exf5 35. R7c2 Rd3 36. Rc3 {[%emt 0:00:56] [#] Und Rxd3 würde nun gewinnen.} Rd2 37. R3c2 Rd3 38. Rc3 {[%emt 0:00:27] Droht Rxd3 und aus.} Rd2 {[%emt 0:01:30] ( -> ...Rg2)} 39. R3c2 {[%emt 0:00:13] Gewichteter Fehlerwert: Weiß=0.06 (makellos) /Schwarz=0.07 (makellos) .  Fehler:       	Weiß=1     	Schwarz=2     Ungenau:       	Weiß=1     	---        OK:         	Weiß=4     	Schwarz=13    Bester:       	Weiß=4     	Schwarz=1} 1/2-1/2

[Event "African Individual Chess-ch Open 2024"]
[Site "Accra"]
[Date "2024.03.20"]
[Round "9.5"]
[White "Wanyama, Harold"]
[Black "Cogan, Nicolas"]
[Result "0-1"]
[ECO "E04"]
[WhiteElo "2226"]
[BlackElo "2070"]
[Annotator "RC"]
[PlyCount "54"]
[EventDate "2024.03.13"]
[EventCountry "GHA"]
[SourceTitle "playchess.com"]
[Source "ChessBase"]
[SourceQuality "1"]
[TimeControl "5400+30"]

1. d4 Nf6 2. c4 e6 3. Nf3 d5 4. g3 dxc4 5. Bg2 Nc6 6. Qa4 Bb4+ 7. Bd2 Nd5 8. Bxb4 Ndxb4 9. O-O Rb8 10. Na3 O-O 11. Qb5 b6 12. Qxc4 Ba6 13. Nb5 Qd5 14. Qxd5 Nxd5 15. a4 Bb7 16. e4 Nf6 17. Rfe1 Nb4 18. e5 Nfd5 19. Rec1 Nd3 20. Rc2 a6 21. Nc3 N5b4 22. Rd2 Bxf3 23. Bxf3 Rfd8 24. Rad1 Rxd4 25. Be2 Rbd8 26. f4 c5 27. Bf3 Nxe5 0-1

[Event "African Individual Chess-ch Open 2024"]
[Site "Accra"]
[Date "2024.03.20"]
[Round "9.6"]
[White "Aikhoje, Odion"]
[Black "Ntamatungiro, Wilfried"]
[Result "1-0"]
[ECO "D02"]
[WhiteElo "2215"]
[BlackElo "1905"]
[Annotator "RC"]
[PlyCount "101"]
[EventDate "2024.03.13"]
[EventCountry "GHA"]
[SourceTitle "playchess.com"]
[Source "ChessBase"]
[SourceQuality "1"]
[TimeControl "5400+30"]

1. Nf3 Nf6 2. d4 d5 3. Bf4 e6 4. e3 Be7 5. Nbd2 Nbd7 6. Bd3 c5 7. c3 Nh5 8. Be5 Nxe5 9. Nxe5 Nf6 10. f4 c4 11. Bc2 b5 12. a3 Bb7 13. Qf3 g6 14. g4 Nd7 15. Nxd7 Qxd7 16. g5 h6 17. h4 h5 18. Qg2 a5 19. Nf3 Bd6 20. O-O O-O 21. Ne5 Bxe5 22. fxe5 b4 23. axb4 axb4 24. cxb4 c3 25. bxc3 Qc7 26. Qd2 Rfc8 27. Rxa8 Rxa8 28. Bd3 Ra3 29. Rc1 Bc8 30. Qb2 Qa7 31. Bb1 Bd7 32. b5 Qa4 33. Bc2 Ra2 34. Bxa4 Rxb2 35. c4 dxc4 36. Rxc4 Bxb5 37. Rc8+ Kg7 38. Rb8 Rb1+ 39. Kh2 Bd3 40. Rxb1 Bxb1 41. Kg3 Be4 42. Kf2 Kf8 43. Ke1 Ke7 44. Kd2 Bb7 45. Kc3 Be4 46. Kb4 Bd5 47. Kc5 Bf3 48. Kb6 Bd5 49. Bc6 Bb3 50. Kc7 Bd5 51. e4 1-0

[Event "African Individual Chess-ch Open 2024"]
[Site "Accra"]
[Date "2024.03.20"]
[Round "9.7"]
[White "Mhango, Banele"]
[Black "Paiva, Donaldo"]
[Result "1-0"]
[ECO "B94"]
[WhiteElo "2193"]
[BlackElo "2172"]
[Annotator "RC"]
[PlyCount "85"]
[EventDate "2024.03.13"]
[EventCountry "GHA"]
[SourceTitle "playchess.com"]
[Source "ChessBase"]
[SourceQuality "1"]
[TimeControl "5400+30"]

1. e4 c5 2. Nf3 d6 3. d4 cxd4 4. Nxd4 Nf6 5. Nc3 a6 6. Bg5 Nbd7 7. f4 g6 8. Qe2 Qa5 9. Nb3 Qc7 10. O-O-O Bg7 11. Re1 e5 12. fxe5 dxe5 13. Qc4 Qxc4 14. Bxc4 b5 15. Bd5 Nxd5 16. Nxd5 Ra7 17. Be3 Rb7 18. Na5 f5 19. Rhf1 f4 20. Bf2 g5 21. Rd1 Nb8 22. Nxb7 Bxb7 23. Ba7 Nd7 24. Rd3 Nf6 25. Nxf6+ Bxf6 26. Rd6 O-O 27. Re1 g4 28. Bf2 Rf7 29. b3 h5 30. c4 bxc4 31. bxc4 h4 32. c5 g3 33. hxg3 fxg3 34. Bg1 Kg7 35. c6 Rc7 36. Kd2 Bc8 37. Bb6 Rf7 38. Bd8 Bxd8 39. Rxd8 Bg4 40. Ke3 h3 41. gxh3 Bxh3 42. Rb8 g2 43. Rb7 1-0

[Event "African Individual Chess-ch Open 2024"]
[Site "Accra"]
[Date "2024.03.20"]
[Round "9.8"]
[White "KIGIGHA, Bomo Lovet"]
[Black "Pereira, Sergio Murilo de Ara"]
[Result "0-1"]
[ECO "A13"]
[WhiteElo "2231"]
[BlackElo "2115"]
[Annotator "RC"]
[PlyCount "74"]
[EventDate "2024.03.13"]
[EventCountry "GHA"]
[SourceTitle "playchess.com"]
[Source "ChessBase"]
[SourceQuality "1"]
[TimeControl "5400+30"]

1. c4 e6 2. Nf3 Nf6 3. b3 d5 4. Bb2 c5 5. g3 Nc6 6. cxd5 exd5 7. Bg2 d4 8. O-O Bf5 9. e3 Be7 10. exd4 cxd4 11. Re1 O-O 12. Ne5 Rc8 13. Nxc6 bxc6 14. Na3 Re8 15. Nc4 Be6 16. Rc1 c5 17. Qc2 Bd5 18. Bh3 g6 19. Qd3 Rb8 20. Re5 Bf8 21. Rce1 Rxe5 22. Rxe5 Bxc4 23. Qxc4 Qa5 24. Qxd4 Qxa2 25. Rxc5 Qxb3 26. Bc3 Qd1+ 27. Kg2 Rb1 28. Bd7 Qf1+ 29. Kf3 Bxc5 30. Qxc5 Qd3+ 31. Kg2 Qe4+ 32. f3 Qe2+ 33. Kh3 Nxd7 34. Qxa7 Qe6+ 35. Kg2 Re1 36. Qd4 f6 37. h4 h5 0-1

[Event "African Individual Chess-ch Open 2024"]
[Site "Accra"]
[Date "2024.03.20"]
[Round "9.9"]
[White "Zhemba, Jemusse"]
[Black "Oluka Robert Mcligeyo"]
[Result "0-1"]
[ECO "C30"]
[WhiteElo "2226"]
[BlackElo "2041"]
[Annotator "RC"]
[PlyCount "47"]
[EventDate "2024.03.13"]
[EventCountry "GHA"]
[SourceTitle "playchess.com"]
[Source "ChessBase"]
[SourceQuality "1"]
[TimeControl "5400+30"]

1. e4 e5 2. f4 Bc5 3. Nf3 d6 4. b4 Bb6 5. fxe5 dxe5 6. c4 Bd4 7. Nc3 Nf6 8. Qc2 O-O 9. Be2 a5 10. b5 c6 11. Ba3 Re8 12. O-O-O cxb5 13. Nxb5 Nc6 14. Rhf1 Nb4 15. Qa4 Bd7 16. Nfxd4 exd4 17. Bxb4 axb4 18. Qxb4 d3 19. Bxd3 Bxb5 20. Bc2 Bc6 21. d3 Ra4 22. a3 Rxa3 23. Qc3 Ra2 24. Ba4 0-1

[Event "African Individual Chess-ch Open 2024"]
[Site "Accra"]
[Date "2024.03.20"]
[Round "9.10"]
[White "Amoako Philip Selikem Yao"]
[Black "ONOKPITE, Kennedy"]
[Result "0-1"]
[ECO "B07"]
[WhiteElo "1848"]
[BlackElo "2101"]
[Annotator "RC"]
[PlyCount "72"]
[EventDate "2024.03.13"]
[EventCountry "GHA"]
[SourceTitle "playchess.com"]
[Source "ChessBase"]
[SourceQuality "1"]
[TimeControl "5400+30"]

1. e4 d6 2. d4 Nf6 3. Nc3 c6 4. f4 Qa5 5. Bd2 e5 6. Nf3 Nbd7 7. Bd3 Qc7 8. Qe2 Be7 9. O-O-O b5 10. fxe5 dxe5 11. d5 a6 12. dxc6 Qxc6 13. Nd5 Nxd5 14. exd5 Qxd5 15. Bc3 Qxa2 16. Bxe5 Qe6 17. Qe4 Nxe5 18. Qxa8 Nxd3+ 19. Rxd3 O-O 20. Re1 Qh6+ 21. Kb1 Bf5 22. Qd5 Bxd3 23. Rxe7 Bc4 24. Qe4 Qd6 25. b3 Be6 26. Ng5 g6 27. Qh4 h5 28. Ne4 Qd1+ 29. Kb2 Rc8 30. Qf2 Bxb3 31. Re8+ Rxe8 32. Nf6+ Kf8 33. Nxe8 Qxc2+ 34. Qxc2 Bxc2 35. Nc7 Be4 36. g3 Bb7 0-1

[Event "African Individual Chess-ch Open 2024"]
[Site "Accra"]
[Date "2024.03.20"]
[Round "9.11"]
[White "Ameku, David Selasi"]
[Black "De Gondo, Simplice Armel"]
[Result "0-1"]
[ECO "D43"]
[WhiteElo "1839"]
[BlackElo "2024"]
[Annotator "RC"]
[PlyCount "37"]
[EventDate "2024.03.13"]
[EventCountry "GHA"]
[SourceTitle "playchess.com"]
[Source "ChessBase"]
[SourceQuality "1"]
[TimeControl "5400+30"]

1. d4 d5 2. Nf3 Nf6 3. c4 c6 4. Nc3 e6 5. Bg5 h6 6. Bh4 dxc4 7. a4 Bb4 8. Qc2 Nbd7 9. e3 b5 10. Be2 Bb7 11. O-O a6 12. Rfd1 Qb6 13. e4 O-O 14. e5 Nd5 15. Ne4 c5 16. Nd6 cxd4 17. Nxb7 d3 18. Bxd3 cxd3 19. Qb3 0-1

[Event "African Individual Chess-ch Open 2024"]
[Site "Accra"]
[Date "2024.03.20"]
[Round "9.12"]
[White "Adewole, Adeyinka Samuel"]
[Black "Frempong-Smart Daniel"]
[Result "1-0"]
[ECO "A03"]
[WhiteElo "1935"]
[BlackElo "1877"]
[Annotator "RC"]
[PlyCount "55"]
[EventDate "2024.03.13"]
[EventCountry "GHA"]
[SourceTitle "playchess.com"]
[Source "ChessBase"]
[SourceQuality "1"]
[TimeControl "5400+30"]

1. f4 d5 2. Nf3 Nh6 3. e3 Bg4 4. b3 e6 5. Bb2 Nf5 6. Be2 Bxf3 7. Bxf3 Qh4+ 8. g3 Qd8 9. Qe2 Nd6 10. d3 c6 11. Nd2 Rg8 12. O-O-O Nd7 13. e4 Be7 14. g4 Qa5 15. f5 Qxa2 16. fxe6 fxe6 17. exd5 exd5 18. Qe6 Rf8 19. Rde1 Nc8 20. g5 g6 21. Bg4 Ndb6 22. Bf6 Qa3+ 23. Kd1 Kd8 24. Rhf1 Bxf6 25. Rxf6 a5 26. Rf7 Rxf7 27. Qxf7 Ne7 28. Qf8+ 1-0